 Dungeon Crawl Stone Soup version 0.30-a0-920-g7493c07aab (webtiles) character file.

Game seed: 1638422470394262351

19757 Dirtsage the Cleaver (level 12, 0/139 HPs)
             Began as a Demonspawn Berserker on Mar 20, 2023.
             Was a Priest of Trog.
             Succumbed to Resasar's ghost's poison
             ... on level 2 of the Lair of Beasts on Mar 21, 2023.
             The game lasted 00:29:12 (13205 turns).

Dirtsage the Cleaver (Demonspawn Berserker)        Turns: 13205, Time: 00:29:12

Health: 0/139      AC: 20    Str: 23    XL:     12   Next: 39%
Magic:  12/12      EV: 10    Int:  9    God:    Trog [***...]
Gold:   1781       SH:  0    Dex: 12    Spells: 11/11 levels left

rFire   . . .      SeeInvis .    K - +0 war axe
rCold   + . .      Faith    .    (no shield)
rNeg    + . .      Spirit   .    a - +3 chain mail
rPois   .          Reflect  .    j - +0 helmet
rElec   .          Rampage  .    (no cloak)
rCorr   .                        (no gloves)
Will    ++...                    (no boots) Stlth
                                 (no amulet)
HPRegen 1.43/turn                N - ring of positive energy
MPRegen 0.13/turn                I - ring of protection from cold

@: berserking, lethally poisoned (0 -> -13), strong-willed, sanguine armoured,
regenerating, hasted, very quick
A: powered by death 2, spiny 2, sanguine armour 1, demonic touch 1
a: Renounce Religion, Berserk, Trog's Hand


You were on level 2 of the Lair of Beasts.
You worshipped Trog.
Trog was most pleased with you.
You visited 3 branches of the dungeon, and saw 13 of its levels.
You also visited: Bailey.

You collected 1831 gold pieces.
You spent 50 gold pieces at shops.

Inventory:

Hand Weapons
 i - a +1 demon whip of venom
 A - a +0 hand axe of flaming
 K - a +0 war axe (weapon)
Missiles
 C - a throwing net (quivered)
 J - 11 curare-tipped darts
Armour
 a - a +3 chain mail (worn)
 j - a +0 helmet (worn)
 G - a +1 scale mail of fire resistance
Jewellery
 d - a ring of fire
 I - a ring of protection from cold (right hand)
 N - a ring of positive energy (left hand)
Wands
 c - a wand of polymorph (7)
 v - a wand of paralysis (7)
 y - a wand of acid (11)
 D - a wand of digging (3)
 E - a wand of mindburst (10)
Scrolls
 b - a scroll of immolation
 k - a scroll of enchant armour {unknown}
 m - a scroll of enchant weapon {unknown}
 n - 3 scrolls of poison
 o - 5 scrolls of magic mapping
 p - a scroll of silence
 r - 5 scrolls of vulnerability
 t - 4 scrolls of teleportation
 B - a scroll of blinking
 L - a scroll of summoning {unknown}
 O - a scroll of noise {unknown}
Potions
 e - a potion of magic
 f - a potion of lignification {unknown}
 g - 4 potions of attraction
 h - 2 potions of haste
 l - 5 potions of heal wounds
 q - 2 potions of curing
 s - 2 potions of invisibility {unknown}
 w - a potion of flight
 x - 4 potions of brilliance
 z - a potion of might {unknown}
 F - a potion of ambrosia {unknown}
 H - a potion of cancellation {unknown}
 M - a potion of resistance {unknown}


   Skills:
 + Level 8.3 Fighting
 + Level 13.7 Axes
 + Level 7.2 Armour
 + Level 7.2 Dodging
 + Level 4.9 Shields
 - Level 3.0 Unarmed Combat


You had 11 spell levels left.
You didn't know any spells.
Your spell library contained the following spells:

 Spells                   Type           Power      Damage    Failure   Level
 Beastly Appendage        Tmut           0%         N/A       95%         1
 Slow                     Hex            0%         N/A       95%         1
 Cigotuvi's Dreadful Rot  Necr/Pois/Air  0%         N/A       99%         2
 Ensorcelled Hibernation  Hex/Ice        0%         N/A       99%         2
 Passwall                 Tmut/Erth      0%         N/A       99%         2
 Poisonous Vapours        Pois/Air       0%         N/A       99%         2
 Sublimation of Blood     Necr           0%         N/A       99%         2
 Wereblood                Tmut           0%         N/A       99%         2
 Confusing Touch          Hex            0%         N/A       100%        3
 Mephitic Cloud           Conj/Pois/Air  0%         N/A       100%        3
 Spider Form              Tmut/Pois      0%         N/A       100%        3
 Swiftness                Air            0%         N/A       100%        3
 Tukima's Dance           Hex            0%         N/A       100%        3
 Vampiric Draining        Necr           0%         2d6       100%        3
 Passage of Golubria      Tloc           0%         N/A       100%        4
 Yara's Violent Unravell  Hex/Tmut       0%         3d3       100%        5
 Summon Hydra             Summ           0%         N/A       100%        7


Dungeon Overview and Level Annotations

Branches:
Dungeon (10/15)            Temple (1/1) D:6            Lair (2/5) D:8
    Orc (0/2) D:10         Bailey (visited)
  Swamp: Lair:2-3    Shoals: Lair:2-3     Snake: Lair:2-3    Spider: Lair:2-3

Altars:
Ashenzari
Cheibriados
Dithmenos
Fedhas
Gozag
Hepliaklqana
Kikubaaqudgha
Makhleb
Nemelex Xobeh
Okawaru
Qazlal
Ru
Sif Muna
Trog
Uskayaw
Vehumet
Wu Jian
Xom
Yredelemnul

Shops:
D:3 !

Annotations:
Lair:2 1 transporter, Resasar's ghost, journeyman NaTm


Innate Abilities, Weirdness & Mutations

You regenerate health from kills.
You are mostly covered in sharp spines.
When seriously injured, your blood forms armour. (AC +6)
Your touch may inflict minor irresistible damage on your foes.


Message History

The 14-headed hydra bites you but does no damage.
The 14-headed hydra bites you!
* * * LOW HITPOINT WARNING * * *
The 14-headed hydra bites you!
* * * LOW HITPOINT WARNING * * *
The 14-headed hydra closely misses you. The 14-headed hydra bites you!
* * * LOW HITPOINT WARNING * * *
The 14-headed hydra bites you but does no damage.
The 14-headed hydra bites you.
* * * LOW HITPOINT WARNING * * *
The 14-headed hydra bites you.
* * * LOW HITPOINT WARNING * * *
The 14-headed hydra barely misses you.
The 14-headed hydra bites you but does no damage. x2
The 14-headed hydra bites you.
* * * LOW HITPOINT WARNING * * *
You take 49 damage, and have 9/139 hp.
MASSIVE DAMAGE!!
You are too berserk!
You hack one of the 14-headed hydra's heads off!
The 13-headed hydra grows two more!
You slash the 15-headed hydra!
The 15-headed hydra is severely wounded.
You slash Resasar's ghost!
* * * LOW HITPOINT WARNING * * *
You feel very sick. Resasar's ghost hits you.
* * * LOW HITPOINT WARNING * * *
You are more poisoned.
You take 4 damage, and have 5/139 hp.
You hack one of the 15-headed hydra's heads off!
The 14-headed hydra grows two more!
You slash the 16-headed hydra! You punch the 16-headed hydra!
The 16-headed hydra is almost dead.
You closely miss Resasar's ghost.
* * * LOW HITPOINT WARNING * * *
You feel very sick.
You take 3 damage, and have 2/139 hp.
You completely miss the 16-headed hydra.
The 16-headed hydra is almost dead.
You hit Resasar's ghost.
You die...

#....~≈~≈≈~~~.###.#..#####.....##
##..P..≈≈≈~~...##...##..?##..#.##
#...P..~~~....##..##.###.##..##
###.#............##..~....##..##
#....#.........##8~~$~...8##..#
###...........##~~#.###.#..##††
##.#.......##F...##F##....##.
#.........#W#..##..S##.S#F#.
##........#@#$.#lS..D#~.#©#.
##.......#D#~?##...##.F#F#.
##.......##F...##!#.$...##.
#.....#...##..#..##.#.~##..
###..###...##8.....~.8##... #..#
#P#..##..~....##..## ######
####..##$###.##..## ##.8..#
#....##.F.##...###
#.....########..#####..##.##


You could see a 16-headed hydra, a komodo dragon, a blink frog, a water
moccasin, a bullfrog and Resasar's ghost.

Vanquished Creatures
  Snorg (D:10)
  A fire dragon (Lair:1)
  5 death yaks (Lair:2)
  Amaemon (Lair:2)
  Pikel (D:9)
  An orc knight (Bailey)
  A black mamba (Lair:2)
  4 cane toads
  An orange demon (Lair:2)
  An unseen horror (D:10)
  A kobold demonologist (D:9)
  2 rime drakes (Lair:2)
  A hornet (D:7)
  2 polar bears
  A troll (D:10)
  3 blink frogs (Lair:1)
  Grinder (D:4)
  6 yaks
  A shadow (D:10)
  4 vampire mosquitoes (D:10)
  2 acid dragons
  Edmund (D:5)
  Duvessa (D:5)
  9 water moccasins
  4 orc warriors
  2 black bears
  2 ice beasts
  2 sky beasts
  4 centaurs
  4 ogres
  2 phantoms
  7 kobold brigands (Bailey)
  A gnoll sergeant (D:8)
  11 bullfrogs
  6 scorpions
  4 wights (D:9)
  Dowan (D:5)
  17 killer bees
  3 howler monkeys
  A hound (D:7)
  A gnoll bouda (D:7)
  6 orc priests
  8 iguanas
  An iron imp (D:7)
  A sleepcap (D:7)
  Jessica (D:3)
  6 orc wizards
  A statue (D:7)
  13 gnolls
  4 adders
  A shadow imp (D:7)
  3 white imps
  3 worms
  3 dart slugs (D:2)
  40 orcs
  A bat (D:1)
  An endoplasm (D:2)
  4 giant cockroaches
  15 goblins
  7 hobgoblins
  2 jackals (D:2)
  3 quokkas
  5 ball pythons
  5 frilled lizards
  14 kobolds
  3 rats
275 creatures vanquished.

Vanquished Creatures (collateral kills)
  A catoblepas (Lair:2)
  Sonja (Lair:2)
  A cane toad (Lair:2)
3 creatures vanquished.

Vanquished Creatures (others)
  A bush (Lair:1)
  38 fungi
  45 plants
  6 withered plants (Lair:2)
90 creatures vanquished.

Grand Total: 368 creatures vanquished

Notes
Turn   | Place    | Note
-------+----------+-------------------------------------------
     0 | D:1      | Dirtsage the Demonspawn Berserker began the quest for the
                  | Orb.
     0 | D:1      | Reached XP level 1. HP: 18/18 MP: 1/1
    79 | D:1      | Reached skill level 3 in Axes
   165 | D:1      | Found a faded altar of an unknown god.
   250 | D:1      | Gained mutation: You regenerate a little health from kills.
                  | [demonic ancestry]
   250 | D:1      | Reached XP level 2. HP: 24/24 MP: 2/2
   951 | D:2      | Reached XP level 3. HP: 26/29 MP: 3/3
  1250 | D:2      | Reached ** piety under Trog
  1251 | D:2      | Reached skill level 4 in Axes
  1546 | D:2      | Reached XP level 4. HP: 35/35 MP: 4/4
  2045 | D:3      | Found Unal's Distillery.
  2067 | D:3      | Bought a potion of heal wounds for 50 gold pieces
  2356 | D:3      | Noticed Jessica
  2365 | D:3      | Killed Jessica
  2366 | D:3      | Reached skill level 5 in Axes
  2630 | D:3      | Gained mutation: When seriously injured, your blood forms
                  | armour. (AC +6) [demonic ancestry]
  2630 | D:3      | Reached XP level 5. HP: 28/41 MP: 5/5
  2853 | D:4      | Noticed an ogre
  2861 | D:4      | Killed an ogre
  2862 | D:4      | Reached skill level 6 in Axes
  2985 | D:4      | Reached XP level 6. HP: 35/47 MP: 6/6
  3227 | D:4      | Noticed Grinder
  3246 | D:4      | Killed Grinder
  3247 | D:4      | Reached skill level 7 in Axes
  3282 | D:4      | Gained mutation: Your touch may inflict minor irresistible
                  | damage on your foes. [demonic ancestry]
  3282 | D:4      | Reached XP level 7. HP: 36/52 MP: 7/7
  3474 | D:5      | Entered Level 5 of the Dungeon
  3516 | D:5      | Noticed Dowan
  3517 | D:5      | Noticed Duvessa
  3526 | D:5      | Killed Dowan
  3529 | D:5      | Killed Duvessa
  3530 | D:5      | Reached skill level 8 in Axes
  3690 | D:5      | Noticed Edmund
  3704 | D:5      | Killed Edmund
  3951 | D:5      | Gained mutation: You are partially covered in sharp spines.
                  | [demonic ancestry]
  3951 | D:5      | Reached XP level 8. HP: 54/58 MP: 8/8
  3954 | D:5      | Reached skill level 9 in Axes
  4027 | D:5      | Found a basalt altar of Yredelemnul.
  4032 | D:5      | Found an opulent altar of Gozag.
  4037 | D:5      | Found a sparkling altar of Nemelex Xobeh.
  4623 | D:6      | Identified the +6 dagger of Xet Fihi {elec, Fragile Str+2
                  | Int+3 SInv}
  4639 | D:6      | Reached skill level 10 in Axes
  4709 | D:6      | Found a staircase to the Ecumenical Temple.
  4718 | Temple   | Entered the Ecumenical Temple
  5026 | D:6      | Reached skill level 11 in Axes
  5153 | D:6      | Gained mutation: You regenerate health from kills. [demonic
                  | ancestry]
  5153 | D:6      | Reached XP level 9. HP: 63/63 MP: 9/9
  5163 | D:6      | Reached *** piety under Trog
  5358 | D:6      | Found a hide-covered altar of Uskayaw.
  5761 | D:7      | Reached skill level 12 in Axes
  5879 | D:7      | Found a radiant altar of Vehumet.
  5906 | D:7      | Found a blossoming altar of Fedhas.
  6004 | D:7      | Found a snail-covered altar of Cheibriados.
  6105 | D:7      | Found a sacrificial altar of Ru.
  6235 | D:7      | Reached **** piety under Trog
  6769 | D:8      | Reached XP level 10. HP: 71/71 MP: 10/10
  7012 | D:8      | Found a staircase to the Lair.
  7711 | D:9      | Found a flagged portal.
  7729 | Bailey   | Entered a bailey
  7783 | Bailey   | Noticed an orc knight
  7794 | Bailey   | Killed an orc knight
  7795 | Bailey   | Reached skill level 5 in Fighting
  8017 | Bailey   | Found a burning altar of Makhleb.
  8028 | Bailey   | Reached skill level 13 in Axes
  8383 | D:9      | Reached ***** piety under Trog
  8414 | D:9      | Found a broken altar of Ashenzari.
  8708 | D:9      | Noticed Pikel
  8716 | D:9      | Killed Pikel
  8717 | D:9      | Reached skill level 5 in Armour
  8717 | D:9      | Reached skill level 5 in Dodging
  9033 | D:10     | Entered Level 10 of the Dungeon
  9227 | D:10     | Gained mutation: You are mostly covered in sharp spines.
                  | [demonic ancestry]
  9227 | D:10     | Reached XP level 11. HP: 75/81 MP: 11/11
  9440 | D:10     | Reached skill level 1 in Shields
  9440 | D:10     | Reached skill level 1 in Unarmed Combat
  9460 | D:10     | Found a staircase to the Orcish Mines.
  9473 | D:10     | Noticed Snorg
  9481 | D:10     | Killed Snorg
 10214 | Lair:1   | Entered Level 1 of the Lair of Beasts
 10679 | Lair:1   | Noticed a fire dragon
 10718 | Lair:1   | Killed a fire dragon
 11331 | Lair:2   | Found a transporter.
 11546 | Lair:2   | Noticed a death yak
 11546 | Lair:2   | Noticed a death yak
 11551 | Lair:2   | Noticed a death yak
 11579 | Lair:2   | Noticed a death yak
 11583 | Lair:2   | Killed a death yak
 11583 | Lair:2   | Noticed a death yak
 11592 | Lair:2   | Killed a death yak
 11598 | Lair:2   | Noticed a catoblepas
 11603 | Lair:2   | Killed a death yak
 12052 | Lair:2   | Noticed Amaemon
 12060 | Lair:2   | Killed Amaemon
 12061 | Lair:2   | Reached XP level 12. HP: 92/92 MP: 12/12
 12154 | Lair:2   | Found a transporter.
 12161 | Lair:2   | Noticed a seven-headed hydra
 12176 | Lair:2   | Noticed Resasar's ghost (journeyman NaTm)
 12184 | Lair:2   | Killed a death yak
 12187 | Lair:2   | Killed a death yak
 12337 | Lair:2   | Killed a catoblepas
 12927 | Lair:2   | Noticed Sonja
 12943 | Lair:2   | Killed Sonja
 13184 | Lair:2   | Saving game... please wait.
 13184 | Lair:2   | Upgraded the game from 0.30-a0-918-g0ff054e9dc to
                  | 0.30-a0-920-g7493c07aab
 13203 | Lair:2   | HP: 5/139 [Resasar's ghost (2)]
 13204 | Lair:2   | HP: 2/139 [poisoned by Resasar's ghost]
 13205 | Lair:2   | Succumbed to Resasar's ghost's poison

Illustrated notes

Levels and vault maps discovered:
D:1:      eino_arrival_cavern_a, layout_basic,
          hellmonk_ecumenical_altar_leap_of_faith, serial_forest,
          infiniplex_forest_lined_4_way, infiniplex_forest_lined_ring,
          infiniplex_forest_straight_2, infiniplex_forest_pool,
          infiniplex_forest_straight_4, infiniplex_forest_lined_corner,
          infiniplex_forest_corner_1, grunt_decor_clamped, minmay_tetromino_t4
D:2:      layout_basic
D:3:      layout_basic, serial_shops, shop, uniq_jessica
D:4:      layout_cave_pools, uniq_grinder
D:5:      layout_basic, minmay_overflow_temple_star_quad, uniq_duvessa,
          uniq_edmund
D:6:      layout_loops_cross, old_standard_altar, minmay_temple_entry_statues,
          minmay_fractal_squares_diagonal_5
D:7:      layout_rooms, slow_altar_1, nicolae_ru_great_annihilating_truth,
          vehumet_statue, mainiacjoe_overflow_catwalk
D:8:      layout_basic, due_lair_maze_entry_diamond
D:9:      layout_irregular_city, nicolae_overflow_crystal_walls,
          evilmike_ruin_ashenzari, enter_bailey_3, uniq_pikel
D:10:     layout_basic, orc_0_dummy, uniq_snorg
Temple:   nicolae_temple_hex_pool
Lair:1:   dragon1_lemuel, layout_misc_corridors
Lair:2:   layout_cave_pods, nzn_ghost_randoct, pdpol_lair_neglected_garden,
          grunt_megastairs_2, infiniplex_staircase_pool, lemuel_fruit_fields,
          uniq_sonja, uniq_amaemon

Skill      XL: |  1  2  3  4  5  6  7  8  9 10 11 12 |
---------------+-------------------------------------+-----
Axes           | 3 4 5 6 7 8 11 12 13 | 13.7
Armour         | 3 5 6 7 |  7.2
Dodging        | 3 5 6 7 |  7.2
Fighting       | 4 6 7 8 |  8.3
Shields        | 4 |  4.9
Unarmed Combat | 3 |  3.0

Action                     |  1- 3 |  4- 6 |  7- 9 | 10-12 || total
---------------------------+-------+-------+-------+-------++-------
  Melee: Hand axe          |   119 |   148 |   282 |    96 ||   645
         Punch             |     2 |     2 |     8 |    10 ||    22
         Touch             |       |       |    60 |    77 ||   137
         War axe           |       |       |       |   274 ||   274
 Invoke: Berserk           |     1 |     5 |     5 |    10 ||    21
         Trog's Hand       |       |     2 |     1 |     3 ||     6
         Brothers in Arms  |       |       |       |     3 ||     3
  Evoke: Wand              |       |       |       |     1 ||     1
    Use: Scroll            |       |       |     9 |     8 ||    17
         Potion            |       |       |       |     5 ||     5
   Stab: Paralysed         |       |       |     2 |       ||     2
 Armour: Animal skin       |    11 |       |       |       ||    11
         Ring mail         |    26 |    39 |     8 |       ||    73
         Chain mail        |       |       |   113 |   192 ||   305
  Dodge: Dodged            |    82 |    64 |    87 |   199 ||   432

Table legend: (Time is in decaauts)
 A = Elapsed time spent in this place.
 B = Non-inter-level travel time spent in this place.
 C = Inter-level travel time spent in this place.
 D = Time resting spent in this place.
 E = Time spent auto-exploring this place.
 F = Levels seen in this place.
 G = Mean time per level.
                   A        B        C        D        E       F      G
               +--------+--------+--------+--------+--------+-----+--------+
         Total |  13277 |  12727 |    550 |   2096 |   8746 |  14 |  948.4 |
       Dungeon |   9467 |   8994 |    473 |    920 |   6742 |  10 |  946.7 |
        Temple |    191 |    172 |     19 |    100 |     61 |   1 |  191.0 |
          Lair |   3029 |   2972 |     57 |    647 |   1867 |   2 | 1514.5 |
        Bailey |    588 |    588 |      0 |    428 |     76 |   1 |  588.0 |
               +--------+--------+--------+--------+--------+-----+--------+

Top non-repeatable levels by time:
  Lair:2: 1928 daAuts
    D:10: 1140 daAuts
     D:6: 1103 daAuts
  Lair:1: 1100 daAuts
     D:2: 1081 daAuts
     D:8: 1035 daAuts
     D:1: 931 daAuts
     D:7: 876 daAuts
     D:5: 867 daAuts
     D:3: 813 daAuts
     D:4: 810 daAuts
     D:9: 807 daAuts
  Bailey: 588 daAuts
  Temple: 191 daAuts
